 Dungeon Crawl Stone Soup version 0.18-a0-1468-gaf180a1 (webtiles) character file.

537 namelastname112 the Martial Artist (level 7, 35/57 HPs)
             Began as a Mottled Draconian Monk on Mar 2, 2016.
             Was a Priest of Makhleb.
             Quit the game on level 5 of the Dungeon.
             The game lasted 00:04:25 (3763 turns).

namelastname112 the Martial Artist (DrMo)           Turns: 3763, Time: 00:04:25

Health: 35/57      AC:  9    Str: 14    XL:     7   Next: 5%
Magic:  7/7        EV: 13    Int: 10    God:    Makhleb [***...]
Gold:   193        SH:  0    Dex: 15    Spells: 0 memorised, 6 levels left

rFire  . . .     SeeInvis .       - Unarmed
rCold  . . .     Gourm    .     (armour unavailable)
rNeg   . . .     Faith    .     (no shield)
rPois  .         Spirit   .     (helmet restricted)
rElec  .         Dismiss  .     (no cloak)
rCorr  .         Reflect  .     b - +2 pair of gloves
SustAt .         Harm     .     (no boots)
MR     .....                    k - amulet of rage
Stlth  ++........               (no ring)
                                (no ring)

@: drained, not resistant to hostile enchantments, unstealthy
A: breathe sticky flame splash, unfitting armour, cold-blooded, AC +6
a: Breathe Sticky Flame, Minor Destruction, Lesser Servant of Makhleb, Renounce
Religion, Evoke Berserk Rage


You were on level 5 of the Dungeon.
You worshipped Makhleb.
Makhleb was most pleased with you.
You were very hungry.

You visited 1 branch of the dungeon, and saw 5 of its levels.

You collected 193 gold pieces.

Inventory:

Armour
 b - a +2 pair of gloves (worn)
Jewellery
 g - an uncursed ring of ice
 k - an amulet of rage (around neck)
Wands
 u - a wand of slowing (11/48)
 v - a wand of iceblast (5/15)
 y - a wand of polymorph (13/24)
Scrolls
 c - 6 scrolls of identify {unknown}
 d - 5 scrolls of blinking {unknown}
 j - 2 scrolls of remove curse {unknown}
 o - 2 scrolls of teleportation {unknown}
 q - a scroll of fog {unknown}
 r - 2 scrolls of enchant armour {unknown}
 t - a scroll of recharging {unknown}
 w - a scroll of random uselessness {unknown}
 x - 2 scrolls of enchant weapon {unknown}
Potions
 e - 4 potions of curing {unknown}
 h - 2 potions of ambrosia {unknown}
 l - a potion of magic {unknown}
 m - 4 potions of heal wounds {unknown}
 n - a potion of resistance {unknown}
 s - a potion of flight {unknown}
 z - 2 potions of might {unknown}
Books
 A - a book of Debilitation

   Spells                             Type                      Level
   a - Corona                         Hexes                        1
   b - Slow                           Hexes                        2
   c - Gell's Gravitas                Hexes/Translocation          3
   d - Inner Flame                    Hexes/Fire                   3
   e - Cause Fear                     Hexes                        4
   f - Leda's Liquefaction            Hexes/Earth                  4
Comestibles
 a - 2 bread rations
 f - a meat ration
 i - 8 fruits
 p - a beef jerky


   Skills:
 - Level 3.2(2.9) Fighting
 - Level 2.6(2.3) Dodging
 - Level 1.7(1.4) Stealth
 + Level 8.5(8.1) Unarmed Combat


You had 6 spell levels left.
You didn't know any spells.

Dungeon Overview and Level Annotations

Branches:
Dungeon (5/15)             Temple (0/1) D:4

Altars:
Cheibriados
Dithmenos
Elyvilon
Makhleb
Pakellas
Qazlal
Ru
Zin


Innate Abilities, Weirdness & Mutations

You can spit globs of burning liquid.
You can ignite nearby creatures when you spit burning liquid.
Your weird mottled scales are hard (AC +6).
Your body does not fit into most forms of armour.
You are cold-blooded and may be slowed by cold attacks.


Message History

The orc wizard closely misses you. The orc barely misses you.
You barely miss the orc wizard.
Your tail-slap misses the orc wizard.
The orc wizard is severely wounded.
The orc barely misses you.
The orc wizard points at you and mumbles some strange words.
The magic dart hits you!
You hit the orc wizard.
Your tail-slap misses the orc wizard.
The orc wizard is almost dead.
The orc hits you with a mace. The orc closely misses you.
You hit the orc wizard.
You kill the orc wizard!
Makhleb accepts your kill.
You feel better.
You have reached level 7!
Your scales start taking on a weird mottled colour.
You learn Fire Magic quicker.
You can spit globs of burning liquid.
You can ignite nearby creatures when you spit burning liquid.
The orc hits you but does no damage. The orc misses you.
The orc closely misses you.
Are you sure you want to abandon this character and quit the game? (Confirm with "yes".)

........#................#..#8..8
........#................+.......
........#................#...)>..
######'##................#'##8..8
#<........########+##+##....##..#
#.........#......#.....#.......##
#.........#......#.....'.......#
#.........#....o.#.....#.....(.#
#.........#....o@#.....#.......#
#.........#....o)'.....#.......#
#.........+......#.....#.......#
#.........#......#.....#.......#
####..###...##..รท....## ###
#...#.......... ....#..........
.....#.......... ...$.#..........


You could see 3 orcs.

Vanquished Creatures
  A soldier ant (D:5)
  An ogre (D:4)
  A hound (D:2)
  An orc wizard (D:5)
  A centaur skeleton (D:5)
  An iguana (D:5)
  2 worker ants
  A hound skeleton (D:5)
  Robin (D:3)
  A howler monkey skeleton (D:4)
  3 adders (D:2)
  An adder zombie (D:5)
  3 worms (D:2)
  5 dart slugs
  3 giant geckos
  4 orcs
  A ball python (D:2)
  7 giant cockroaches
  19 goblins
  8 hobgoblins
  4 jackals (D:2)
  A quokka (D:3)
  9 bats
  3 giant newts
  11 kobolds
  9 rats
102 creatures vanquished.

Notes
Turn   | Place    | Note
--------------------------------------------------------------
     0 | D:1      | namelastname112 the Draconian Monk began the quest for the Orb.
     0 | D:1      | Reached XP level 1. HP: 19/19 MP: 1/1
   127 | D:1      | Reached XP level 2. HP: 26/26 MP: 2/2
   648 | D:1      | Reached skill level 5 in Unarmed Combat
   648 | D:1      | Reached XP level 3. HP: 27/31 MP: 3/3
  1072 | D:2      | Found a burning altar of Makhleb.
  1086 | D:2      | Became a worshipper of Makhleb the Destroyer
  1086 | D:2      | Reached * piety under Makhleb
  1086 | D:2      | Reached ** piety under Makhleb
  1118 | D:2      | Reached XP level 4. HP: 33/38 MP: 4/4
  1303 | D:2      | Reached skill level 6 in Unarmed Combat
  2008 | D:3      | Reached *** piety under Makhleb
  2009 | D:3      | Found an oddly glowing altar of Pakellas.
  2012 | D:3      | Found a snail-covered altar of Cheibriados.
  2014 | D:3      | Found a white marble altar of Elyvilon.
  2014 | D:3      | Found a glowing silver altar of Zin.
  2014 | D:3      | Found a stormy altar of Qazlal.
  2015 | D:3      | Found a sacrificial altar of Ru.
  2017 | D:3      | Found a shadowy altar of Dithmenos.
  2084 | D:3      | Reached XP level 5. HP: 45/45 MP: 5/5
  2089 | D:3      | Noticed Robin
  2123 | D:3      | Killed Robin
  2800 | D:4      | Reached skill level 7 in Unarmed Combat
  2818 | D:4      | Found a staircase to the Ecumenical Temple.
  3005 | D:4      | Noticed an ogre
  3014 | D:4      | Killed an ogre
  3014 | D:4      | Reached XP level 6. HP: 51/51 MP: 6/6
  3585 | D:5      | Entered Level 5 of the Dungeon
  3712 | D:5      | Noticed an ice beast
  3714 | D:5      | Noticed a mottled dragon
  3714 | D:5      | an ice beast changed into a mottled dragon
  3715 | D:5      | Noticed a soldier ant
  3715 | D:5      | a mottled dragon changed into a soldier ant
  3742 | D:5      | Killed a soldier ant
  3742 | D:5      | Reached skill level 8 in Unarmed Combat
  3762 | D:5      | Your scales start taking on a weird mottled colour.
  3762 | D:5      | Reached XP level 7. HP: 35/57 MP: 7/7
  3763 | D:5      | Quit the game

Vault maps used:
D:1:      dpeg_arrival_round_a, minmay_misc_feat_diagonals, minivault_14
D:2:      makhleb_heckhound_becter
D:3:      minitemple, kennysheep_generic_room_6, uniq_robin
D:4:      minmay_temple_entry_grid, feat_on_display
D:5:      first_bread, st_stairs_6

Skill      XL: |  1  2  3  4  5  6 |
---------------+-------------------+-----
Unarmed Combat | 5 6 7 8 |  8.5
Fighting       | |  3.2
Dodging        | |  2.6
Stealth        | |  1.7

Action                   |  1- 3 |  4- 6 |  7- 9 || total
-------------------------+-------+-------+-------++-------
Melee: Unarmed           |   106 |   219 |       ||   325
Evoke: Wand              |       |     2 |       ||     2
 Stab: Sleeping          |     4 |     5 |       ||     9
  Eat: Chunk             |     1 |     7 |       ||     8
